 Dungeon Crawl Stone Soup version 0.27.1-1-g398f81649c (webtiles) character file.

Game seed: 14485478958272046665

4113 funkygono the Basher (level 10, -13/61 HPs)
             Began as a Gargoyle Fighter on Sept 7, 2021.
             Was a High Priest of Okawaru.
             Mangled by an orc warrior (17 damage)
             ... in a bailey.
             The game lasted 00:13:24 (9008 turns).

funkygono the Basher (Gargoyle Fighter)             Turns: 9008, Time: 00:13:25

Health: -13/61     AC: 23    Str: 23    XL:     10   Next: 26%
Magic:  0/10       EV:  6    Int:  9    God:    Okawaru [*****.]
Gold:   524        SH: 11    Dex:  9    Spells: 9/9 levels left

rFire    + . .     SeeInvis +   a - +0 flail
rCold    x . .     Faith    .   c - +0 kite shield
rNeg     + . .     Spirit   +   j - +0 plate armour
rPois    ∞         Reflect  .   t - +1 hat {SInv}
rElec    +         Harm     .   (no cloak)
rCorr    +         Rampage  .   (no gloves)
Will     .....                  m - +0 pair of boots
Stlth    ..........             l - amulet of guardian spirit
HPRegen  0.20/turn              p - ring of resist corrosion
MPRegen  0.12/turn              e - ring of fire

@: no status effects
A: sickness immunity, AC +7, negative energy resistance 1, electricity
resistance, torment resistance 1, petrification resistance
a: Renounce Religion, Heroism, Finesse


You were in a bailey.
You worshipped Okawaru.
Okawaru was extremely pleased with you.
You visited 1 branch of the dungeon, and saw 9 of its levels.
You also visited: Bailey.

You collected 524 gold pieces.

Inventory:

Hand Weapons
 a - a +0 flail (weapon)
 h - a +0 whip
Missiles
 g - 169 stones (quivered)
Armour
 b - a +0 scale mail
 c - a +0 kite shield (worn)
 j - a +0 plate armour (worn)
 m - a +0 pair of boots (worn)
 t - a +1 hat of see invisible (worn)
Jewellery
 e - a ring of fire (right hand)
 l - an amulet of guardian spirit (around neck)
 n - an amulet of magic regeneration
 p - a ring of resist corrosion (left hand)
Scrolls
 r - 6 scrolls of identify
 s - a scroll of torment
 u - a scroll of teleportation
 x - 2 scrolls of amnesia
Potions
 d - a potion of mutation {unknown}
 f - a potion of flight
 i - a potion of heal wounds
 k - 4 potions of haste
 q - 2 potions of attraction
 v - a potion of brilliance
 w - 2 potions of lignification


   Skills:
 * Level 6.5 Fighting
 * Level 9.1 Maces & Flails
 * Level 7.9 Armour
 * Level 2.7 Dodging
 * Level 8.5 Shields


You had 9 spell levels left.
You didn't know any spells.
Your spell library contained the following spells:

 Spells                   Type           Power      Damage    Failure   Level
 Magic Dart               Conj           0%         1d3       100%        1
 Blink                    Tloc           N/A        N/A       100%        2
 Searing Ray              Conj           0%         3d3       100%        2
 Slow                     Hex            0%         N/A       100%        2
 Confusing Touch          Hex            0%         N/A       100%        3
 Conjure Flame            Conj/Fire      0%         6-21      100%        3
 Ignite Poison            Fire/Tmut/Pois 0%         N/A       100%        3
 Animate Dead             Necr           0%         N/A       100%        4
 Fulminant Prism          Conj/Hex       0%         3d6       100%        4
 Petrify                  Tmut/Erth      0%         N/A       100%        4
 Sticky Flame             Conj/Fire      0%         2d3       100%        4
 Irradiate                Conj/Tmut      0%         3d13      100%        5
 Manifold Assault         Tloc           0%         N/A       100%        5
 Yara's Violent Unravell  Hex/Tmut       0%         3d3       100%        5
 Haunt                    Necr/Summ      0%         N/A       100%        7
 Storm Form               Tmut/Air       0%         N/A       100%        7
 Infestation              Necr           0%         N/A       100%        8
 Sublimation of Blood     Necr           Unusable   N/A       N/A         2

Dungeon Overview and Level Annotations

Branches:
Dungeon (9/15)             Temple (0/1) D:4            Lair (0/6) D:9
 Bailey (1/1)
    Orc: D:9-12

Altars:
Cheibriados
Kikubaaqudgha
Okawaru
Ru
Uskayaw
Wu Jian
Xom
The Shining One

Shops:
D:5 ?   D:9 [


Innate Abilities, Weirdness & Mutations

You are immune to sickness and miasma.
Your stone body is resilient. (AC +7)
You are immune to poison.
You resist negative energy. (rN+)
You are resistant to electric shocks. (rElec)
You are resistant to unholy torment.
You are immune to petrification.


Message History

The orc hits you but does no damage. You block the orc's attack.
You block the orc warrior's attack.
You hit the orc warrior but do no damage.
The orc warrior is severely wounded.
You block the orc's attack. The orc hits you but does no damage.
You block the orc warrior's attack.
You barely miss the orc warrior.
The orc warrior is severely wounded.
The orc hits you but does no damage. You block the orc's attack.
The orc warrior hits you but does no damage.
You hit the orc warrior but do no damage.
The orc warrior is severely wounded.
You block the orc's attack. x2
The orc warrior hits you with a +0 glaive!
* * * LOW HITPOINT WARNING * * *
You closely miss the orc warrior.
The orc warrior is severely wounded.
The orc hits you but does no damage. You block the orc's attack.
The orc warrior barely misses you.
You closely miss the orc warrior.
The orc warrior is severely wounded.
You block the orc's attack. The orc hits you but does no damage.
The orc warrior barely misses you. The orc hits you but does no damage. x2
You hit the orc warrior.
The orc warrior is almost dead.
You block the orc warrior's attack. The orc hits you but does no damage. x2
You closely miss the orc warrior.
The orc warrior is almost dead.
The orc warrior hits you with a +0 glaive!
* * * LOW HITPOINT WARNING * * *
The orc closely misses you. You block the orc's attack.
You completely miss the orc warrior.
The orc warrior is almost dead.
The orc warrior hits you with a +0 glaive!
* * * LOW HITPOINT WARNING * * *
The orc hits you but does no damage. x2
You closely miss the orc warrior.
The orc warrior is almost dead.
The orc warrior hits you with a +0 glaive!
You die...

####### .....##
###.....#####....≈#
...≈≈≈≈≈....##...≈#
.≈≈≈...≈≈≈.⌠.#...≈#
≈≈..≈.≈))≈≈..#...≈#
≈.≈≈≈.≈≈≈)≈≈.#⌠..≈#
.≈≈.....≈≈)≈.##o.≈#
.≈.≈≈≈≈≈.≈)≈≈.#o@≈#
≈≈.≈...≈)≈≈.≈.#.)≈#
≈.≈≈...≈≈.≈.≈.#.o≈#
≈.≈.⌠∩⌠.≈.≈.≈.#.)≈#
≈.≈..∩..≈.≈.≈.#..≈#
≈.≈.⌠∩⌠.≈.≈.≈.#..≈#
≈.≈≈...≈≈.≈.≈)#..≈#
≈≈.≈...≈)≈≈.≈)#..≈#
.≈.≈≈.≈≈)≈.≈≈)#..≈#


You could see an orc warrior and 2 orcs.

Vanquished Creatures
  Erica (D:9)
  An elephant (D:9)
  A shadow (D:6)
  2 basilisks (D:9)
  A yak (D:9)
  2 orc warriors
  An ice beast (D:7)
  2 black bears
  2 necrophages (D:6)
  3 ogres
  3 centaurs
  2 phantoms (D:5)
  A bullfrog (D:6)
  4 scorpions
  A wyvern zombie (D:6)
  A wyvern skeleton (D:5)
  5 killer bees (D:6)
  2 bullfrog zombies
  A centaur zombie (D:9)
  4 orc priests (D:9)
  A gnoll shaman (D:4)
  2 bullfrog skeletons
  5 hounds
  An iguana (D:4)
  4 orc wizards
  A howler monkey zombie (D:9)
  A howler monkey skeleton (D:5)
  8 adders
  5 gnolls (D:4)
  2 shadow imps
  4 white imps (D:6)
  An ufetubus (D:4)
  An adder skeleton (D:4)
  2 worms
  3 dart slugs
  22 orcs
  5 ball pythons
  4 endoplasms
  A giant cockroach (D:1)
  6 goblins
  7 hobgoblins
  6 jackals
  3 kobolds
  5 quokkas
  5 bats
  2 frilled lizards (D:2)
  3 rats
  4 rat zombies (D:6)
154 creatures vanquished.

Vanquished Creatures (others)
  An orc (Bailey)
  17 fungi
  16 plants (D:1)
34 creatures vanquished.

Grand Total: 188 creatures vanquished

Notes
Turn   | Place    | Note
-------+----------+-------------------------------------------
     0 | D:1      | funkygono the Gargoyle Fighter began the quest for the Orb.
     0 | D:1      | Reached XP level 1. HP: 14/14 MP: 1/1
   418 | D:1      | Reached XP level 2. HP: 19/19 MP: 2/2
   423 | D:1      | Found a faded altar of an unknown god.
  1170 | D:2      | Reached XP level 3. HP: 16/23 MP: 3/3
  1503 | D:3      | Found an iron altar of Okawaru.
  1543 | D:3      | Became a worshipper of Warmaster Okawaru
  1911 | D:3      | Reached XP level 4. HP: 29/29 MP: 4/4
  2407 | D:4      | Reached skill level 3 in Maces & Flails
  2422 | D:4      | Reached XP level 5. HP: 31/33 MP: 3/5
  2617 | D:4      | Found a staircase to the Ecumenical Temple.
  2665 | D:4      | Found a shimmering altar of Xom.
  2824 | D:4      | Reached * piety under Okawaru
  2825 | D:4      | Reached XP level 6. HP: 30/38 MP: 3/6
  2986 | D:4      | Reached skill level 4 in Maces & Flails
  2994 | D:4      | Reached skill level 5 in Shields
  3286 | D:4      | Found an ornate altar of the Wu Jian Council.
  3491 | D:4      | Found a snail-covered altar of Cheibriados.
  3679 | D:5      | Entered Level 5 of the Dungeon
  3958 | D:5      | Reached skill level 5 in Armour
  3958 | D:5      | Reached XP level 7. HP: 3/44 MP: 0/7
  4401 | D:5      | Reached skill level 5 in Maces & Flails
  4447 | D:5      | Reached ** piety under Okawaru
  4936 | D:5      | Reached XP level 8. HP: 45/48 MP: 8/8
  5009 | D:5      | Found Nustry's Magic Scroll Shoppe.
  5040 | D:5      | Reached skill level 5 in Fighting
  5518 | D:5      | Identified a scroll of acquirement
  5518 | D:5      | Acquired a +1 hat of see invisible
  5721 | D:6      | Reached skill level 6 in Maces & Flails
  5751 | D:6      | Found a glowing golden altar of the Shining One.
  5938 | D:6      | Reached skill level 1 in Dodging
  5961 | D:6      | Reached *** piety under Okawaru
  6203 | D:6      | Noticed a shadow
  6215 | D:6      | Killed a shadow
  6224 | D:6      | Reached skill level 7 in Maces & Flails
  6274 | D:6      | Reached XP level 9. HP: 51/54 MP: 7/9
  6678 | D:6      | Found a sacrificial altar of Ru.
  6884 | D:6      | Found an ancient bone altar of Kikubaaqudgha.
  7206 | D:7      | You fall into a shaft and drop 2 floors!
  7223 | D:9      | Found Qerrajub's Armour Shoppe.
  7687 | D:9      | Noticed Erica
  7709 | D:9      | Killed Erica
  7709 | D:9      | Reached **** piety under Okawaru
  7710 | D:9      | Reached skill level 8 in Maces & Flails
  7728 | D:9      | HP: 1/55 [orc priest/divine providence (12)]
  8075 | D:9      | Found a hide-covered altar of Uskayaw.
  8187 | D:9      | Found a staircase to the Lair.
  8187 | D:9      | Noticed an elephant
  8224 | D:9      | Reached XP level 10. HP: 42/60 MP: 7/10
  8344 | D:9      | Killed an elephant
  8345 | D:9      | Reached skill level 9 in Maces & Flails
  8604 | D:8      | Found a flagged portal.
  8613 | Bailey   | Entered a bailey
  8630 | Bailey   | Reached ***** piety under Okawaru
  9008 | Bailey   | Mangled by an orc warrior

Illustrated notes

Levels and vault maps discovered:
D:1:      dpeg_arrival_rooms_b, layout_loops_cross,
          ebering_ecumenical_altar_petrified, serial_bayou_lagoon_a
D:2:      layout_rooms
D:3:      layout_basic, mainiacjoe_overflow_catwalk
D:4:      layout_loops_cross, mainiacjoe_overflow_brackets,
          mainiacjoe_overflow_cross_hatched,
          mainiacjoe_overflow_six_doors_small, minmay_temple_entry_grid,
          hangedman_abyss_or_decor_stagger
D:5:      layout_cave_pools, serial_shops, nicolae_stop_n_shop_2,
          minmay_misc_feat_ornament, minmay_fractal_squares_diagonal_5
D:6:      minmay_octagon_keep, layout_loops_cross, lemuel_crystal_altar,
          kennysheep_mini, lemuel_zombie_altar_kikubaaqudgha,
          minmay_stone_trees_medium
D:7:      layout_basic, nemelex_dance_club_becter, mainiacjoe_overflow_chevrons,
          uniq_menkaure
D:8:      layout_basic, mainiacjoe_overflow_boulevard, enter_bailey_2
D:9:      minmay_the_grid_triangle_9x9_rhombus_full
          [minmay_the_grid_triangle_9x9_windchime,
          minmay_the_grid_triangle_9x9_tough_junction,
          minmay_the_grid_triangle_9x9_longest,
          minmay_the_grid_triangle_9x9_negative_grid,
          minmay_the_grid_triangle_9x9_wacky_v,
          minmay_the_grid_triangle_9x9_intruding_spiral,
          minmay_the_grid_triangle_9x9_zippers_vertical,
          minmay_the_grid_triangle_9x9_prize_insulated], layout_stronghold,
          lemuel_doored_altar, gammafunk_temple_overflow_pools,
          nicolae_uskayaw_dance_hall, david_lair_generic,
          nicolae_inconvenience_store, hangedman_decor_diamond_cutter,
          uniq_erica
Bailey:   bailey_polearm_flooded_kennysheep, bailey

Skill      XL: |  1  2  3  4  5  6  7  8  9 10 |
---------------+-------------------------------+-----
Armour         | 4 5 6 7 |  7.9
Shields        | 4 5 6 8 |  8.5
Maces & Flails | 3 4 5 7 8 9 |  9.1
Fighting       | 4 5 6 |  6.5
Dodging        | 1 2 |  2.7

Action                   |  1- 3 |  4- 6 |  7- 9 | 10-12 || total
-------------------------+-------+-------+-------+-------++-------
Melee: Flail             |   148 |   187 |   363 |   126 ||   824
       Whip              |       |       |   177 |       ||   177
Throw: Stone             |       |       |       |     3 ||     3
  Use: Scroll            |     8 |     6 |     2 |       ||    16
       Potion            |       |       |     3 |     4 ||     7
 Stab: Confused          |       |       |     1 |       ||     1
       Invisible         |       |       |       |     1 ||     1
Armor: Plate armour      |   155 |   133 |   327 |   158 ||   773
       Scale mail        |     5 |       |       |       ||     5
Dodge: Dodged            |    33 |    43 |   101 |    82 ||   259
Block: Kite shield       |   110 |   120 |   274 |   202 ||   706
